 Dungeon Crawl Stone Soup version 0.27.1-1-g398f81649c (console) character file.

Game seed: 4887523000650708826

655 om the Grave Robber (level 7, -1/61 HPs)
             Began as a Deep Dwarf Necromancer on Sept 13, 2021.
             Slain by a water moccasin (4 damage)
             ... on level 5 of the Dungeon.
             The game lasted 00:16:59 (7509 turns).

om the Grave Robber (Deep Dwarf Necromancer)        Turns: 7509, Time: 00:16:59

Health: -1/61      AC:  2    Str: 13    XL:     7   Next: 29%
Magic:  0/11       EV: 14    Int: 16    God:
Gold:   198        SH:  0    Dex: 13    Spells: 7/12 levels left

rFire    . . .     SeeInvis .   f - staff of death
rCold    . . .     Faith    .   (no shield)
rNeg     + . .     Spirit   .   a - +0 robe
rPois    .         Reflect  .   (no helmet)
rElec    .         Harm     .   (no cloak)
rCorr    .         Rampage  .   (no gloves)
Will     +....                  (no boots)
Stlth    ++........             (no amulet)
HPRegen  0.00/turn              (no ring)
MPRegen  0.12/turn              (no ring)

@: mighty, lethally poisoned (-1 -> -1)
A: damage resistance, heal wounds, sense surroundings 1, no regeneration
a: Heal Wounds


You were on level 5 of the Dungeon.
You visited 1 branch of the dungeon, and saw 5 of its levels.

You collected 198 gold pieces.

Inventory:

Hand Weapons
 d - a +0 dagger
 e - a +0 whip
Armour
 a - a +0 robe (worn)
Magical Staves
 f - a staff of death (weapon)
Scrolls
 h - 2 scrolls of teleportation
 i - a scroll of noise {unknown}
 k - a scroll of blinking {unknown}
 m - a scroll of enchant armour {unknown}
 n - a scroll of immolation
 o - a scroll of holy word {unknown}
 q - a scroll of identify
Potions
 b - a potion of lignification
 c - 2 potions of might
 g - 3 potions of attraction {unknown}
 j - a potion of berserk rage {unknown}
 l - 3 potions of curing {unknown}
 p - a potion of mutation {unknown}


   Skills:
 + Level 2.3 Fighting
 + Level 5.3 Dodging
 - Level 3.0 Stealth
 - Level 3.0 Spellcasting
 * Level 6.9 Necromancy
 - Level 0.3 Transmutations


You had 7 spell levels left.
You knew the following spells:

 Your Spells              Type           Power      Damage    Failure   Level
a - Pain                  Necr           100%       1d9       1%          1
b - Animate Skeleton      Necr           72%        N/A       1%          1
c - Vampiric Draining     Necr           18%        2d8       3%          3

Your spell library contained the following spells:

 Spells                   Type           Power      Damage    Failure   Level
 Animate Dead             Necr           18%        N/A       11%         4
 Agony                    Necr           36%        N/A       30%         5
 Ignite Poison            Fire/Tmut/Pois 2%         N/A       47%         3
 Conjure Flame            Conj/Fire      2%         6-21      50%         3
 Sticky Flame             Conj/Fire      2%         2d3       88%         4


Dungeon Overview and Level Annotations

Branches:
Dungeon (5/15)             Temple (0/1) D:5

Altars:
Dithmenos
Uskayaw

Shops:
D:5 ?

Portals:
Ossuary: D:5


Innate Abilities, Weirdness & Mutations

You are resistant to damage.
You can heal yourself by infusing magical energy.
You passively map a small area around you.
You do not regenerate.


Message History

The water moccasin completely misses you.
Aiming: Pain (safe; 1% risk of failure)
Press: ? - help, Q - select action, (/) - cycle Shift-Dir - straight line, f/p - water moccasin
Aim: a water moccasin (severely wounded, chance to affect: 84%)
You feel a surge of power!
The water moccasin writhes in agony.
The water moccasin bites you. The water moccasin barely misses you.
You closely miss the water moccasin.
The water moccasin is almost dead.
The water moccasin completely misses you.
The water moccasin closely misses you.
Your magical contamination has completely faded away.
The water moccasin bites you!
* * * LOW HITPOINT WARNING * * *
You are more poisoned.
The water moccasin poisons you!
Aiming: Pain (safe; 1% risk of failure)
Press: ? - help, Q - select action, (/) - cycle Shift-Dir - straight line, f/p - water moccasin
Aim: a water moccasin (almost dead, chance to affect: 84%)
You feel a surge of power!
The water moccasin barely resists.
The water moccasin barely misses you.
You don't have enough magic to cast this spell.
The water moccasin barely misses you. The water moccasin bites you.
Unknown command.
You miss the water moccasin.
The water moccasin is almost dead.
The water moccasin bites you.
You are more poisoned.
The water moccasin poisons you!
You miss the water moccasin.
The water moccasin is severely wounded.
You feel very sick.
The water moccasin bites you but does no damage.
The water moccasin bites you.
You feel very mighty all of a sudden. The water moccasin bites you.
* * * LOW HITPOINT WARNING * * *
You barely miss the water moccasin.
The water moccasin is severely wounded.
The water moccasin bites you!
You die...

....#########.....#
..............#...#
#...... .####...#.#
#..#### , ##.##.#
#..# * #.##.# ...##
, #.##.# #.....
.#####.#..## #..###
#...........# #....
,........#...#
#.###. ............#
#.###.##########@#.#
......# #S#.#
#.##### #.# # 8>8#
#.# #.## #.#, #.# *
*#.# #.########,, ,
..#, #.........
*###, #.#######. #.#
#.# *


You could see a water moccasin.

Vanquished Creatures
  An ice beast (D:4)
  2 ogres
  A water moccasin skeleton (D:5)
  A bullfrog zombie (D:5)
  3 hounds (D:5)
  A hound skeleton (D:4)
  4 gnolls
  8 adders
  A worm (D:2)
  2 dart slugs (D:1)
  7 orcs
  9 ball pythons
  A bat (D:3)
  7 endoplasms
  7 giant cockroaches
  10 goblins
  8 hobgoblins
  2 jackals (D:1)
  3 quokkas (D:1)
  8 frilled lizards
  7 kobolds
  7 rats
100 creatures vanquished.

Vanquished Creatures (others)
  15 plants (D:2)
15 creatures vanquished.

Grand Total: 115 creatures vanquished

Notes
Turn   | Place    | Note
-------+----------+-------------------------------------------
     0 | D:1      | om the Deep Dwarf Necromancer began the quest for the Orb.
     0 | D:1      | Reached XP level 1. HP: 15/15 MP: 3/3
   418 | D:1      | Learned a level 1 spell: Animate Skeleton
   478 | D:1      | Reached XP level 2. HP: 20/22 MP: 1/4
   804 | D:1      | Found a faded altar of an unknown god.
  1120 | D:1      | Reached XP level 3. HP: 22/28 MP: 2/6
  1250 | D:1      | Reached skill level 5 in Necromancy
  1257 | D:1      | Learned a level 3 spell: Vampiric Draining
  2626 | D:2      | Reached XP level 4. HP: 36/36 MP: 7/7
  4551 | D:4      | Identified a scroll of acquirement
  4552 | D:4      | Acquired a staff of death
  4564 | D:4      | Found a shadowy altar of Dithmenos.
  4636 | D:4      | Reached XP level 5. HP: 43/43 MP: 4/8
  5092 | D:4      | Noticed an ogre
  5345 | D:4      | HP: 2/43 [gnoll (5)]
  6104 | D:4      | Noticed an ice beast
  6267 | D:4      | Killed an ice beast
  6268 | D:4      | Reached skill level 1 in Fighting
  6268 | D:4      | Reached XP level 6. HP: 28/51 MP: 0/9
  6538 | D:4      | Reached skill level 6 in Necromancy
  6817 | D:4      | Found a hide-covered altar of Uskayaw.
  6886 | D:5      | Entered Level 5 of the Dungeon
  7074 | D:5      | Found Ocvogui's Magic Scroll Shop.
  7108 | D:5      | Found a sand-covered staircase.
  7138 | D:5      | Reached skill level 5 in Dodging
  7138 | D:5      | Reached XP level 7. HP: 41/60 MP: 1/11
  7425 | D:5      | Found a staircase to the Ecumenical Temple.
  7508 | D:5      | HP: 3/61 [water moccasin (4)]
  7509 | D:5      | Slain by a water moccasin

Illustrated notes

Levels and vault maps discovered:
D:1:      wander_arrival_estate, layout_basic,
          hellmonk_ecumenical_altar_prayer_group
D:2:      layout_rooms, kennysheep_cluttered_room, serial_bayou_pond_c,
          grunt_decor_cap
D:3:      layout_basic
D:4:      layout_basic, nicolae_uskayaw_suspiria,
          nicolae_dithmenos_the_darkroom, minmay_cut_off
D:5:      layout_loops_ring, temple_statues, chequers_ossuary_entry_cave,
          serial_shops, nicolae_take_the_stairs, serial_bayou_ford_a

Skill      XL: |  1  2  3  4  5  6 |
---------------+-------------------+-----
Spellcasting   | 2 3 |  3.0
Stealth        | 3 |  3.0
Necromancy     | 5 6 |  6.9
Dodging        | 3 4 5 |  5.3
Fighting       | 1 2 |  2.3
Transmutations | |  0.3

Action                   |  1- 3 |  4- 6 |  7- 9 || total
-------------------------+-------+-------+-------++-------
Melee: Short sword       |     6 |       |       ||     6
       Dagger            |    21 |    20 |       ||    41
       Staff             |       |    37 |    27 ||    64
 Cast: Pain              |    69 |    52 |     8 ||   129
       Animate Skeleton  |     1 |     1 |       ||     2
       Vampiric Draining |     6 |    40 |     5 ||    51
 Abil: Heal Wounds       |       |     2 |     1 ||     3
  Use: Scroll            |     3 |     5 |       ||     8
       Potion            |       |       |     1 ||     1
 Stab: Sleeping          |     5 |     3 |       ||     8
Armor: Robe              |     6 |    19 |     5 ||    30
Dodge: Dodged            |    35 |    91 |    27 ||   153
